 Dungeon Crawl Stone Soup version 0.29.1-2-gbd0b4ee654 (webtiles) character file.

Game seed: 16940901483337017127

8906 MisterFreud the Martial Artist (level 11, -9/112 HPs)
             Began as a Pale Draconian Transmuter on Oct 24, 2022.
             Was a Follower of Ru.
             Mangled by a bone dragon (24 damage)
             ... on level 1 of the Abyss.
             The game lasted 00:22:54 (13653 turns).

MisterFreud the Martial Artist (DrTm)              Turns: 13653, Time: 00:22:55

Health: -9/112     AC:  3    Str: 13    XL:     11   Next: 16%
Magic:  11/14      EV: 14    Int: 22    God:    Ru [*.....]
Gold:   559        SH:  5    Dex: 19    Spells: 5/14 levels left

rFire   x . .      SeeInvis .     - Unarmed
rCold   + + +      Faith    .   (shield currently unavailable)
rNeg    . . .      Spirit   .   (body armour unavailable)
rPois   +          Reflect  +   (helmet currently unavailable)
rElec   .          Harm     .   (cloak currently unavailable)
rCorr   .          Rampage  .   (gloves currently unavailable)
Will    .....                   (boots currently unavailable)
Stlth   ++........              f - amulet of reflection
HPRegen 0.28/turn               e - +6 ring of dexterity
MPRegen 0.14/turn               n - +6 ring of intelligence

@: about to teleport, ice-form
A: freezing attack, amphibious, boosted hp, (breathe steam), AC +7, large,
unfitting armour, (cold-blooded), reduced AC 1, (steam resistance)
a: End Transformation, Renounce Religion


You were on level 1 of the Abyss.
You worshipped Ru.
Ru was aware of your devotion.
You were a creature of crystalline ice.
You visited 1 branch of the dungeon, and saw 11 of its levels.
You visited the Abyss 1 time.
You also visited: Sewer.

You collected 559 gold pieces.

Inventory:

Missiles
 d - 2 datura-tipped darts
 o - 2 curare-tipped darts
 r - 32 poisoned darts
 G - 11 javelins
 K - 11 boomerangs
 L - 2 atropa-tipped darts
 O - 3 silver boomerangs
Armour
 j - the +4 kite shield of Digrif {rCorr Str-5 SInv}
   (You acquired it on level 3 of the Dungeon)

   Str:       It affects your strength (-5).
   SInv:      It lets you see invisible.
   rCorr:     It protects you from acid and corrosion.
 l - a +2 cloak (melded)
 w - a +0 pair of boots (melded)
Jewellery
 e - a +6 ring of dexterity (left front paw)
 f - an amulet of reflection (around neck)
 n - a +6 ring of intelligence (right front paw)
 u - an amulet of the acrobat
 H - a ring of fire
 I - a +4 ring of protection
 P - a ring of ice
 Q - an amulet of magic regeneration
 T - a ring of see invisible
Wands
 a - a wand of roots (14)
 s - a wand of paralysis (9)
 B - a wand of flame (23)
Scrolls
 b - 4 scrolls of fear
 i - a scroll of immolation
 t - 2 scrolls of blinking
 y - a scroll of enchant armour
 F - a scroll of summoning
 J - 3 scrolls of fog
 M - a scroll of enchant weapon
Potions
 c - 4 potions of flight
 g - 3 potions of brilliance
 k - 2 potions of might
 p - 5 potions of heal wounds
 q - 3 potions of cancellation
 v - a potion of haste
 x - 2 potions of curing
 A - a potion of resistance
 C - 2 potions of invisibility
 D - a potion of magic
 E - 2 potions of attraction
 N - a potion of berserk rage {unknown}
Miscellaneous
 z - a piece from Xom's chessboard (15/15)
 R - a phial of floods
 S - a condenser vane


   Skills:
 - Level 8.0 Fighting
 + Level 7.8 Dodging
 - Level 4.0 Shields
 - Level 10.0 Unarmed Combat
 - Level 2.0 Spellcasting
 - Level 8.0 Transmutations
 - Level 4.0 Ice Magic
 - Level 1.0 Poison Magic
 + Level 0.0 Evocations


You had 5 spell levels left.
You knew the following spells:

 Your Spells              Type           Power      Damage    Failure   Level
a - Ice Form              Ice/Tmut       28%        N/A       12%         4
b - Spider Form           Tmut/Pois      22%        N/A       6%          3
c - Wereblood             Tmut           37%        N/A       1%          2

Your spell library contained the following spells:

 Spells                   Type           Power      Damage    Failure   Level
 Beastly Appendage        Tmut           74%        N/A       1%          1
 Freeze                   Ice            76%        1d9       2%          1
 Frozen Ramparts          Ice            38%        1d6       8%          3
 Ignite Poison            Fire/Tmut/Pois 15%        N/A       12%         3
 Slow                     Hex            8%         N/A       14%         1
 Static Discharge         Conj/Air       2%         3-4/arc   21%         2
 Confusing Touch          Hex            2%         N/A       38%         3
 Conjure Flame            Conj/Fire      2%         6-21      38%         3
 Tukima's Dance           Hex            2%         N/A       38%         3
 Vampiric Draining        Necr           2%         2d6       38%         3
 Hailstorm                Conj/Ice       11%        3d5       52%         4
 Summon Ice Beast         Ice/Summ       11%        N/A       52%         4
 Yara's Violent Unravell  Hex/Tmut       9%         3d6       58%         5
 Animate Dead             Necr           2%         N/A       80%         4
 Dispel Undead            Necr           2%         3d7       80%         4
 Passage of Golubria      Tloc           2%         N/A       80%         4
 Sticky Flame             Conj/Fire      2%         2d3       80%         4
 Borgnjor's Vile Clutch   Necr/Erth      1%         N/A       98%         5
 Death Channel            Necr           1%         N/A       100%        6
 Iron Shot                Conj/Erth      1%         9d1       100%        6


Dungeon Overview and Level Annotations

Branches:
Dungeon (11/15)            Temple (0/1) D:6            Lair (0/5) D:9
    Orc (0/2) D:10          Sewer (visited)

Altars:
Cheibriados
Dithmenos
Gozag
Hepliaklqana
Makhleb
Okawaru
Qazlal
Ru
Trog
Vehumet
Wu Jian
Xom
Zin
The Shining One

Shops:
D:2 (   D:10 [

Annotations:
D:3 3 runed translucent doors, Asparus's ghost, amateur DsCj
D:4 4 runed translucent doors
D:11 Sonja


Innate Abilities, Weirdness & Mutations

You are a creature of crystalline ice.
You have a powerful freezing melee attack.
You are amphibious.
Your maximum health is increased.
Your armour is entirely melded.
You are incapable of wielding weapons or throwing items.
((You can breathe blasts of scalding, opaque steam.))
((Your pale cyan-grey scales are hard. (AC +7)))
You cannot fit into any form of body armour.
((You are cold-blooded and may be slowed by cold attacks.))
You take slightly more damage. (AC -5)
((You are immune to the effects of steam.))


Message History

Aiming: Fastroot
Press: ? - help, Shift-Dir - straight line, f - bone dragon
Aim: a bone dragon The roots erupt in riotous growth!
Roots grab the bone dragon.
Roots grab the thrashing horror.
The grasping roots constrict the bone dragon.
The grasping roots constrict the thrashing horror.
You hear a shout! x2
Something shouts, "Give up, thou tottering clay-brained nert!"
The thrashing horror struggles to escape constriction. x2
The bone dragon struggles to escape constriction.
The thrashing horror begins to attack, but is stunned by your conviction!
Unknown command.
Unknown command.
Unknown command.
Unknown command.
The grasping roots constrict the bone dragon, but do no damage.
The grasping roots constrict the thrashing horror.
The roots release their grip on the bone dragon.
The thrashing horror struggles to escape constriction.
The thrashing horror begins to attack, but is stunned by your conviction!
You hit the bone dragon.
The bone dragon is lightly damaged.
The grasping roots constrict the thrashing horror.
The roots release their grip on the thrashing horror.
The bone dragon is stunned by your conviction and fails to attack.
You punch the bone dragon! You freeze the bone dragon.
The bone dragon is lightly damaged.
The bone dragon bites you!
* * * LOW HITPOINT WARNING * * *
The bone dragon closely misses you.
The bone dragon tramples you but does no damage.
Unknown command.
You hit the bone dragon but do no damage.
The bone dragon is lightly damaged.
The thrashing horror completely misses you.
The thrashing horror tramples you.
* * * LOW HITPOINT WARNING * * *
You hold your ground!
The bone dragon bites you!!
You die...

## #.. .
.. §###
~~~##.#XY#
~~~~...D##
~~~≈#§.§#
≈~ ♣.§.
~~§.. ~≈♣~
## ~ ~ ≈♣
~~


You could see a bone dragon and a thrashing horror.

Vanquished Creatures
  2 two-headed ogres
  Psyche (D:9)
  2 trolls
  Grinder (Sewer)
  3 hornets
  3 yaks (D:9)
  2 wyverns
  A steam dragon (D:10)
  2 acid dragons (D:9)
  Duvessa (D:7)
  2 water moccasins
  3 black bears
  5 orc warriors
  An ice beast (D:6)
  5 centaurs
  2 phantoms
  6 kobold brigands
  8 bullfrogs
  Blork the orc (D:5)
  A gnoll sergeant (D:7)
  4 scorpions
  4 wights (D:8)
  Dowan (D:7)
  13 killer bees
  8 howler monkeys
  A jelly (D:6)
  7 orc priests
  2 hounds
  A gnoll bouda (D:8)
  Ijyb (D:3)
  7 iguanas
  10 orc wizards
  A mummy (D:8)
  Robin (D:2)
  3 gnolls (D:7)
  8 adders
  4 shadow imps
  2 white imps
  7 ufetubi
  An adder zombie (Sewer)
  3 worms
  47 orcs
  12 ball pythons
  5 bats
  3 bat zombies (Sewer)
  4 endoplasms
  7 giant cockroaches
  23 goblins
  6 hobgoblins
  3 jackals (D:3)
  9 quokkas
  5 frilled lizards
  2 giant cockroach zombies (Sewer)
  35 kobolds
  2 kobold zombies (Sewer)
  9 rats
  A spectral orc (D:10)
314 creatures vanquished.

Vanquished Creatures (others)
  37 fungi (D:9)
  43 plants
80 creatures vanquished.

Grand Total: 394 creatures vanquished

Notes
Turn   | Place    | Note
-------+----------+-------------------------------------------
     0 | D:1      | MisterFreud the Draconian Transmuter began the quest for
                  | the Orb.
     0 | D:1      | Reached XP level 1. HP: 16/16 MP: 3/3
   526 | D:1      | Reached XP level 2. HP: 23/23 MP: 3/5
  1361 | D:1      | Found a faded altar of an unknown god.
  1394 | D:1      | Reached XP level 3. HP: 22/28 MP: 4/6
  1719 | D:2      | Learned a level 3 spell: Spider Form
  1857 | D:2      | Found Qopam's Antique Weapon Boutique.
  1878 | D:2      | Learned a level 2 spell: Wereblood
  1984 | D:2      | Found a shimmering altar of Xom.
  2118 | D:2      | Noticed Robin
  2148 | D:2      | Killed Robin
  2149 | D:2      | Reached skill level 1 in Poison Magic
  2523 | D:3      | Noticed Asparus's ghost (amateur DsCj)
  2528 | D:3      | Found a runed translucent gate.
  2528 | D:3      | Found a runed translucent gate.
  2530 | D:3      | Found a runed translucent gate.
  2545 | D:3      | Got Hoduimem's Almanac of Convocation and Silt
  2551 | D:3      | Found a glowing drain.
  2560 | Sewer    | Entered a sewer
  2571 | Sewer    | Reached XP level 4. HP: 33/35 MP: 5/7
  2827 | Sewer    | Found an ancient bone altar of Kikubaaqudgha.
  2827 | Sewer    | Noticed a kobold brigand
  2852 | Sewer    | Killed a kobold brigand
  2853 | Sewer    | Reached skill level 5 in Transmutations
  2853 | Sewer    | Reached XP level 5. HP: 25/40 MP: 1/8
  2995 | Sewer    | Noticed Grinder
  3004 | Sewer    | HP: 2/40 [shadow imp (2)]
  3010 | Sewer    | Reached skill level 4 in Unarmed Combat
  3013 | Sewer    | Reached XP level 6. HP: 6/47 MP: 6/9
  3020 | Sewer    | Paralysed by Grinder for 4 turns
  3023 | Sewer    | HP: 3/70 [Grinder (4)]
  3027 | Sewer    | Killed Grinder
  3028 | Sewer    | Reached skill level 6 in Unarmed Combat
  3399 | Sewer    | Your scales start taking on a pale cyan-grey colour.
  3399 | Sewer    | Reached XP level 7. HP: 51/55 MP: 8/10
  3399 | Sewer    | Gained mutation: You are immune to the effects of steam.
                  | [Pale Draconian growth]
  4171 | D:3      | Identified a scroll of acquirement
  4171 | D:3      | Acquired the +4 kite shield of Digrif {rCorr Str-5 SInv}
  4215 | D:3      | Noticed Ijyb
  4253 | D:3      | Killed Ijyb
  4610 | D:4      | Reached skill level 1 in Shields
  4850 | D:4      | Found a sacrificial altar of Ru.
  4993 | D:4      | Found a large runed translucent door.
  4993 | D:4      | Found a large runed translucent door.
  5018 | D:4      | Found a large runed translucent door.
  5018 | D:4      | Found a large runed translucent door.
  5133 | D:4      | Noticed a hornet
  5158 | D:4      | Reached XP level 8. HP: 17/66 MP: 11/11
  5161 | D:4      | Killed a hornet
  5407 | D:4      | Learned a level 4 spell: Ice Form
  5420 | D:4      | Identified the +3 giant club "Vicoyvau" {freeze, rF+}
  5573 | D:5      | Entered Level 5 of the Dungeon
  5593 | D:5      | Found a shimmering altar of Xom.
  5688 | D:5      | Noticed Blork the orc
  5693 | D:5      | Killed Blork the orc
  5870 | D:5      | Reached skill level 1 in Ice Magic
  6430 | D:4      | Became a worshipper of Ru the Awakened
  6548 | D:6      | Found an opulent altar of Gozag.
  6557 | D:6      | Reached skill level 5 in Dodging
  6848 | D:6      | Found a staircase to the Ecumenical Temple.
  6934 | D:6      | Found a burning altar of Makhleb.
  7048 | D:6      | Reached XP level 9. HP: 52/71 MP: 9/12
  7653 | D:6      | Found a bloodstained altar of Trog.
  7936 | D:6      | Noticed an Executioner
  8410 | D:7      | Noticed Duvessa
  8410 | D:7      | Noticed Dowan
  8413 | D:7      | Killed Dowan
  8419 | D:7      | Killed Duvessa
  8651 | D:7      | Paralysed by a hornet for 2 turns
  8654 | D:7      | Reached skill level 7 in Unarmed Combat
  9675 | D:7      | Paralysed by an orc for 4 turns
 10037 | D:8      | Found a glowing silver altar of Zin.
 10076 | D:8      | Reached skill level 8 in Unarmed Combat
 10105 | D:8      | Reached XP level 10. HP: 50/78 MP: 8/13
 10382 | D:8      | Found a shadowy altar of Dithmenos.
 10467 | D:8      | Noticed a two-headed ogre
 10509 | D:8      | Reached skill level 9 in Unarmed Combat
 10578 | D:8      | Found an iron altar of Okawaru.
 10597 | D:8      | Killed a two-headed ogre
 10599 | D:8      | Reached skill level 10 in Unarmed Combat
 11079 | D:8      | Found a radiant altar of Vehumet.
 11163 | D:8      | Found an ornate altar of the Wu Jian Council.
 11244 | D:8      | Found a snail-covered altar of Cheibriados.
 11305 | D:9      | Reached skill level 5 in Fighting
 11813 | D:9      | Found a staircase to the Lair.
 11900 | D:9      | Noticed a two-headed ogre
 11905 | D:9      | Killed a two-headed ogre
 12004 | D:9      | Reached XP level 11. HP: 94/94 MP: 14/14
 12030 | D:9      | Found a stormy altar of Qazlal.
 12194 | D:9      | Noticed Psyche
 12218 | D:9      | Killed Psyche
 12861 | D:10     | Entered Level 10 of the Dungeon
 12904 | D:10     | Found a glowing golden altar of the Shining One.
 12924 | D:10     | Found a staircase to the Orcish Mines.
 13303 | D:10     | Found Qamum's Antique Armour Emporium.
 13335 | D:10     | Found the +15 Maxwell's patent armour {-Cast -Tele rElec
                  | Will+ rCorr}
 13391 | D:10     | Found a hazy altar of Hepliaklqana.
 13558 | D:11     | Noticed Sonja
 13564 | Abyss:1  | Cast into level 1 of the Abyss (Sonja)
 13573 | Abyss:1  | Gained mutation: You take slightly more damage. (AC -5) [Ru
                  | sacrifice]
 13573 | Abyss:1  | Reached * piety under Ru
 13622 | Abyss:1  | Noticed a bone dragon
 13635 | Abyss:1  | Noticed a thrashing horror
 13653 | Abyss:1  | Mangled by a bone dragon

Illustrated notes

Levels and vault maps discovered:
D:1:      elethiomel_arrival_diamonds, layout_loops_ring,
          dilly_ecumenical_altar_fadedgnrine
D:2:      layout_basic, serial_shops, nicolae_shop_stone, basic_altar,
          uniq_robin
D:3:      kennysheep_goblin_castle, layout_loops_cross,
          cheibrodos_sewer_entry_drain, gammafunk_ghost_split
D:4:      layout_cave_pools, nicolae_overflow_hidden_temple, kennysheep_path_1,
          minmay_hollow_rounded_squares
D:5:      layout_basic, xom_butterflies, uniq_blork_the_orc
D:6:      layout_basic, grunt_gozag_statues, mainiacjoe_overflow_cross_hatched,
          makhleb_altar_promises_db, minmay_temple_entry_slanted,
          roderic_serpentine_path, grunt_ministairs_7
D:7:      layout_loops_corners, uniq_duvessa
D:8:      layout_cave_pools, nicolae_vehumet_altar_sigil, zin_academy,
          grunt_dithmenos_smoke_and_mirrors, slow_altar_2,
          nicolae_wu_jian_wuxing_cycle, special_room [special_room_orc],
          minmay_ruined_shrine
D:9:      layout_basic, nicolae_qazlal_general_emergency,
          due_lair_maze_entry_diamond, uniq_psyche
D:10:     layout_stronghold, nicolae_hepliaklqana_monster_ancestors, tso_altar,
          orc_0_dummy, dreamdust_deal_with_the_devil, minmay_shop_grid_forest
D:11:     layout_big_octagon, enter_trove_3, chequers_mini_garden, uniq_sonja
Abyss:1:  base: D:10, minivault_27

Skill      XL: |  1  2  3  4  5  6  7  8  9 10 11 |
---------------+----------------------------------+-----
Transmutations | 3 4 5 6 8 |  8.0
Poison Magic   | 1 |  1.0
Unarmed Combat | 4 6 8 10 | 10.0
Dodging        | 2 3 5 6 7 |  7.8
Fighting       | 2 4 8 |  8.0
Shields        | 2 4 |  4.0
Ice Magic      | 3 4 |  4.0
Spellcasting   | |  2.0

Action                   |  1- 3 |  4- 6 |  7- 9 | 10-12 || total
-------------------------+-------+-------+-------+-------++-------
Melee: Unarmed           |   144 |   114 |   338 |   214 ||   810
       Kick              |    21 |    16 |       |       ||    37
       Tailslap          |    17 |     6 |    26 |    19 ||    68
       Headbutt          |     9 |     6 |       |       ||    15
       Punch             |     1 |     1 |     8 |     1 ||    11
Throw: Dart              |       |     2 |       |     2 ||     4
 Cast: Beastly Appendage |    30 |     5 |       |       ||    35
       Wereblood         |     2 |       |       |       ||     2
       Spider Form       |       |     3 |     3 |       ||     6
       Ice Form          |       |       |     5 |    13 ||    18
Invok: Reject Sacrifices |       |       |     1 |       ||     1
       Sacrifice Health  |       |       |       |     1 ||     1
 Abil: Breathe Steam     |       |       |    45 |    24 ||    69
       End Transformatio |       |       |       |     1 ||     1
Evoke: Wand              |       |       |       |     1 ||     1
  Use: Scroll            |     1 |       |    19 |     5 ||    25
       Potion            |       |     4 |     1 |     1 ||     6
 Stab: Sleeping          |       |       |     1 |       ||     1
Armor: Skin              |    56 |    43 |   105 |    83 ||   287
Dodge: Dodged            |   122 |   101 |   199 |   147 ||   569
Block: Other             |    11 |    33 |    73 |    57 ||   174
       Kite shield       |       |       |    30 |       ||    30
       Reflection        |       |       |     3 |     5 ||     8
